EL
SAN JOSE GIANTS @ COLORADO (EL) ROCKIES
08/08/2046
 
TOP OF THE 1ST
San Jose Giants batting - Pitching for Colorado (EL) Rockies : RHP Jose Godreau
Pitching: RHP Jose Godreau
Batting: RHB Miguel Gonzalez 0-0: Called Strike
0-1: Ball
1-1: Called Strike
1-2: Strikes out swinging
Batting: RHB Chris King 0-0: Called Strike
0-1: Foul Ball, location: 2F
0-2: Ball
1-2: Foul Ball, location: 2F
1-2: Strikes out swinging
Batting: LHB Jared Paige 0-0: Ball
1-0: Ball
2-0: Called Strike
2-1: Ball
3-1: Called Strike
3-2: Foul Ball, location: 2F
3-2: SOLO HOME RUN (Flyball, 7LD, EV 92.5 MPH), Distance : 349 ft
Batting: RHB Mike Buchanan 0-0: Ball
1-0: Ball
2-0: Foul Ball, location: 2F
2-1: Swinging Strike
2-2: Ball
3-2: Strikes out looking
Top of the 1st over - 1 run, 1 hit, 0 errors, 0 left on base; San Jose 1 - Colorado (EL) 0
BOTTOM OF THE 1ST
Colorado (EL) Rockies batting - Pitching for San Jose Giants : RHP Dan Post
Pitching: RHP Dan Post
Batting: LHB Steve Gilliam 0-0: Ball
1-0: SINGLE (Groundball, 5D, EV 98.1 MPH)
Batting: LHB Eric Ludwig 0-0: Ball
Steve Gilliam steals 2nd base
1-0: Called Strike
1-1: Called Strike
1-2: SINGLE (Groundball, 15S, EV 62.5 MPH) (infield hit)
Steve Gilliam to third
Batting: RHB Henry Alvizo 0-0: Ball
1-0: Called Strike
Eric Ludwig steals 2nd base
1-1: Called Strike
1-2: Ball
2-2: Strikes out looking
Batting: RHB Ernest Olkowicz 0-0: Ball
1-0: Ball
2-0: Ball
3-0: Base on Balls
Batting: RHB Andy Solorzano 0-0: Grounds into double play, 4-6-3 (Groundball, 34, EV 95.6 MPH)
Bottom of the 1st over - 0 runs, 2 hits, 0 errors, 2 left on base; San Jose 1 - Colorado (EL) 0
TOP OF THE 2ND
San Jose Giants batting - Pitching for Colorado (EL) Rockies : RHP Jose Godreau
Batting: RHB Sadataka Kuwahara 0-0: Ball
1-0: Foul Ball, location: 2F
1-1: Ball
2-1: Fly out, F8 (Flyball, 8RXD, EV 96.2 MPH)
Batting: LHB Juan Gonzalez 0-0: Ball
1-0: Fly out, F5 (Popup, 56S, EV 79.4 MPH)
Batting: RHB Dinand Brouwer 0-0: Called Strike
0-1: Ball
1-1: Ball
2-1: Swinging Strike
2-2: Ground out 5-3 (Groundball, 56, EV 91.9 MPH)
Top of the 2nd over - 0 runs, 0 hits, 0 errors, 0 left on base; San Jose 1 - Colorado (EL) 0
BOTTOM OF THE 2ND
Colorado (EL) Rockies batting - Pitching for San Jose Giants : RHP Dan Post
Batting: LHB Ryan Rodgers 0-0: Swinging Strike
0-1: Ground out 3-1 (Groundball, 34S, EV 72.5 MPH)
Batting: RHB Max Schellekens 0-0: Ball
1-0: Fly out, F9 (Flyball, 9, EV 93.8 MPH)
Batting: RHB Matt Fabre 0-0: Ball
1-0: Called Strike
1-1: Ground out 6-3 (Groundball, 6, EV 86.9 MPH)
Bottom of the 2nd over - 0 runs, 0 hits, 0 errors, 0 left on base; San Jose 1 - Colorado (EL) 0
TOP OF THE 3RD
San Jose Giants batting - Pitching for Colorado (EL) Rockies : RHP Jose Godreau
Batting: LHB Pong-keun Koh 0-0: Ball
1-0: Foul Ball, location: 2F
1-1: Swinging Strike
1-2: Ground out 6-3 (Groundball, 6, EV 92.5 MPH)
Batting: RHB Micah McErlean 0-0: Called Strike
0-1: DOUBLE (Line Drive, 89M, EV 108.1 MPH)
Batting: RHB Miguel Gonzalez 0-0: Foul Ball, location: 2F
0-1: Ball
1-1: Swinging Strike
1-2: Strikes out swinging
Batting: RHB Chris King 0-0: Ball
1-0: Called Strike
1-1: Called Strike
1-2: Ball
2-2: Foul Ball, location: 2F
2-2: Ball
3-2: Base on Balls
Pitching: RHP Carlos Delgado
Batting: LHB Jared Paige 0-0: Swinging Strike
0-1: Ball
1-1: Foul Ball, location: 2F
1-2: Ball
2-2: Ground out 6-3 (Groundball, 6M, EV 103.8 MPH)
Top of the 3rd over - 0 runs, 1 hit, 0 errors, 2 left on base; San Jose 1 - Colorado (EL) 0
BOTTOM OF THE 3RD
Colorado (EL) Rockies batting - Pitching for San Jose Giants : RHP Dan Post
Batting: RHB Nick Rang 0-0: Swinging Strike
0-1: Swinging Strike
0-2: Foul Ball, location: 2F
0-2: Foul Ball, location: 2F
0-2: Strikes out swinging
Batting: LHB Steve Gilliam 0-0: Fly out, F8 (Flyball, 8RD, EV 106.2 MPH)
Batting: LHB Eric Ludwig 0-0: Foul Ball, location: 2F
0-1: Ground out U3 (Groundball, 34, EV 80.6 MPH)
Bottom of the 3rd over - 0 runs, 0 hits, 0 errors, 0 left on base; San Jose 1 - Colorado (EL) 0
TOP OF THE 4TH
San Jose Giants batting - Pitching for Colorado (EL) Rockies : RHP Carlos Delgado
Batting: RHB Mike Buchanan 0-0: Fly out, F7 (Flyball, 78S, EV 83.8 MPH)
Batting: RHB Sadataka Kuwahara 0-0: Called Strike
0-1: Ball
1-1: Foul Ball, location: 2F
1-2: Ball
2-2: SINGLE (Line Drive, 8RS, EV 100.0 MPH)
Batting: LHB Juan Gonzalez 0-0: Ball
1-0: Ball
2-0: Ball
Sadataka Kuwahara is caught stealing 2nd base 2-6
3-0: Base on Balls
Batting: RHB Dinand Brouwer 0-0: Called Strike
0-1: Foul Ball, location: 2F
0-2: Foul Ball, location: 2F
0-2: Foul Ball, location: 2F
0-2: Foul Ball, location: 2F
0-2: Ball
1-2: Ball
2-2: Hit by Pitch
Juan Gonzalez to second
Batting: LHB Pong-keun Koh 0-0: Fielders Choice at 2nd, 6-4 (Groundball, 6, EV 105.6 MPH)
Top of the 4th over - 0 runs, 1 hit, 0 errors, 2 left on base; San Jose 1 - Colorado (EL) 0
BOTTOM OF THE 4TH
Colorado (EL) Rockies batting - Pitching for San Jose Giants : RHP Dan Post
Batting: RHB Henry Alvizo 0-0: Called Strike
0-1: Ball
1-1: Ball
2-1: Ball
3-1: Called Strike
3-2: Strikes out swinging
Batting: RHB Ernest Olkowicz 0-0: Ball
1-0: Ball
2-0: Fly out, F8 (Flyball, 8RS, EV 86.9 MPH)
Batting: RHB Andy Solorzano 0-0: Ball
1-0: Foul Ball, location: 2F
1-1: Called Strike
1-2: Strikes out swinging
Bottom of the 4th over - 0 runs, 0 hits, 0 errors, 0 left on base; San Jose 1 - Colorado (EL) 0
TOP OF THE 5TH
San Jose Giants batting - Pitching for Colorado (EL) Rockies : RHP Carlos Delgado
Batting: RHB Micah McErlean 0-0: Swinging Strike
0-1: Foul Ball, location: 2F
0-2: Ball
1-2: DOUBLE (Line Drive, 5D, EV 100.6 MPH)
Batting: RHB Miguel Gonzalez 0-0: Called Strike
0-1: Ball
1-1: Swinging Strike
1-2: Ball
2-2: Strikes out swinging
Batting: RHB Chris King 0-0: Foul Ball, location: 2F
0-1: Ball
1-1: Foul Ball, location: 2F
1-2: Strikes out swinging
Batting: LHB Jared Paige 0-0: Ball
1-0: Foul Ball, location: 2F
1-1: Ball
2-1: Swinging Strike
2-2: Strikes out swinging
Top of the 5th over - 0 runs, 1 hit, 0 errors, 1 left on base; San Jose 1 - Colorado (EL) 0
BOTTOM OF THE 5TH
Colorado (EL) Rockies batting - Pitching for San Jose Giants : RHP Dan Post
Batting: LHB Ryan Rodgers 0-0: Called Strike
0-1: SOLO HOME RUN (Flyball, 9D, EV 93.1 MPH), Distance : 349 ft
Batting: RHB Max Schellekens 0-0: Foul Ball, location: 2F
0-1: Ball
1-1: DOUBLE (Flyball, 8LXD, EV 89.4 MPH)
Batting: RHB Matt Fabre 0-0: Ball
1-0: Reached on error, E4 (Groundball, 4, EV 83.1 MPH)
Max Schellekens to third
Batting: RHB Nick Rang 0-0: Ball
1-0: Swinging Strike
1-1: Hit by Pitch
Matt Fabre to second
Batting: LHB Steve Gilliam 0-0: Foul Ball, location: 2F
0-1: Ball
1-1: Swinging Strike
1-2: Foul Ball, location: 2F
1-2: Ball
2-2: Strikes out swinging
Batting: LHB Eric Ludwig 0-0: SINGLE (Groundball, 4M, EV 100.0 MPH)
Max Schellekens scores
Matt Fabre to third
Nick Rang to second
Runner from 3rd tries for Home, SAFE, throw by CF to home
Batting: RHB Henry Alvizo 0-0: Ball
1-0: Ball
2-0: Called Strike
2-1: Ball
3-1: Base on Balls
Nick Rang to third
Eric Ludwig to second
Batting: RHB Ernest Olkowicz 0-0: Ball
1-0: SINGLE (Groundball, 4MD, EV 96.9 MPH)
Nick Rang scores
Eric Ludwig to third
Henry Alvizo to second
Batting: RHB Andy Solorzano 0-0: Foul Ball, location: 2F
0-1: Fly out, F8 (Flyball, 8RXD, EV 78.8 MPH)
Runner from 3rd tags up, SCORES, no throw by CF
Henry Alvizo to third
Pitching: RHP Micah Teller
Batting: LHB Ryan Rodgers 0-0: Foul Ball, location: 2F
0-1: Fly out, F6 (Line Drive, 56, EV 61.9 MPH)
Bottom of the 5th over - 5 runs, 4 hits, 1 error, 2 left on base; San Jose 1 - Colorado (EL) 5
TOP OF THE 6TH
San Jose Giants batting - Pitching for Colorado (EL) Rockies : RHP Carlos Delgado
Batting: RHB Mike Buchanan 0-0: Called Strike
0-1: DOUBLE (Line Drive, 78D, EV 107.5 MPH)
Batting: RHB Sadataka Kuwahara 0-0: Called Strike
0-1: Ball
1-1: SINGLE (Line Drive, 9S, EV 111.9 MPH)
Mike Buchanan to third
Runner from 3rd tries for Home, SAFE, throw by RF to home
Batting: LHB Juan Gonzalez 0-0: Ball
Sadataka Kuwahara steals 2nd base (no throw)
1-0: Ball
2-0: DOUBLE (Flyball, 89D, EV 108.8 MPH)
Sadataka Kuwahara scores
Batting: RHB Dinand Brouwer 0-0: Called Strike
0-1: Called Strike
0-2: Ball
1-2: Ball
2-2: Strikes out swinging
Batting: LHB Pong-keun Koh 0-0: Called Strike
0-1: Ball
1-1: Ball
2-1: Foul Ball, location: 2F
2-2: Fly out, F9 (Line Drive, 9, EV 93.8 MPH)
Batting: RHB Micah McErlean 0-0: Ball
1-0: Foul Ball, location: 2F
1-1: SINGLE (Line Drive, 7S, EV 92.5 MPH)
Juan Gonzalez to third
Runner from 3rd tries for Home, SAFE, throw by LF to home
Batting: RHB Miguel Gonzalez 0-0: Ball
1-0: Ball
2-0: Ball
Micah McErlean is caught stealing 2nd base 2-4
Top of the 6th over - 3 runs, 4 hits, 0 errors, 0 left on base; San Jose 4 - Colorado (EL) 5
BOTTOM OF THE 6TH
Colorado (EL) Rockies batting - Pitching for San Jose Giants : RHP Micah Teller
Batting: RHB Max Schellekens 0-0: Ball
1-0: Called Strike
1-1: Foul Ball, location: 2F
1-2: Foul Ball, location: 2F
1-2: Fly out, F9 (Flyball, 9LM, EV 91.2 MPH)
Batting: RHB Matt Fabre 0-0: Called Strike
0-1: Ball
1-1: Swinging Strike
1-2: Foul Ball, location: 2F
1-2: Foul Ball, location: 2F
1-2: Strikes out swinging
Batting: RHB Nick Rang 0-0: Ball
1-0: Foul Ball, location: 2F
1-1: Ball
2-1: Foul Ball, location: 2F
2-2: Ball
3-2: Fly out, F7 (Flyball, 7S, EV 81.9 MPH)
Bottom of the 6th over - 0 runs, 0 hits, 0 errors, 0 left on base; San Jose 4 - Colorado (EL) 5
TOP OF THE 7TH
San Jose Giants batting - Pitching for Colorado (EL) Rockies : RHP Carlos Delgado
Pitching: RHP Javier Leon
Batting: RHB Miguel Gonzalez 0-0: Ball
1-0: SINGLE (Flyball, 7S, EV 88.8 MPH)
Batting: RHB Chris King 0-0: Ball
1-0: Called Strike
1-1: Called Strike
1-2: Strikes out swinging
Batting: LHB Jared Paige 0-0: Ball
1-0: DOUBLE (Groundball, 3L, EV 105.6 MPH)
Miguel Gonzalez to third
Runner from 3rd tries for Home, SAFE, throw by RF to home
Batting: RHB Mike Buchanan 0-0: Foul Ball, location: 2F
0-1: Ball
1-1: Fly out, F6 (Line Drive, 6, EV 66.9 MPH)
Lined into DP, 6-4 (Line Drive, 6, EV 62.5 MPH)
Top of the 7th over - 1 run, 2 hits, 0 errors, 0 left on base; San Jose 5 - Colorado (EL) 5
BOTTOM OF THE 7TH
Colorado (EL) Rockies batting - Pitching for San Jose Giants : RHP Micah Teller
Batting: LHB Steve Gilliam 0-0: Fly out, F7 (Line Drive, 7, EV 85.6 MPH)
Batting: LHB Eric Ludwig 0-0: Swinging Strike
0-1: Ground out 1-3 (Groundball, 15S, EV 65.6 MPH)
Batting: RHB Henry Alvizo 0-0: Ball
1-0: Ball
2-0: Called Strike
2-1: Called Strike
2-2: Ground out 6-3 (Groundball, 6, EV 82.5 MPH)
Bottom of the 7th over - 0 runs, 0 hits, 0 errors, 0 left on base; San Jose 5 - Colorado (EL) 5
TOP OF THE 8TH
San Jose Giants batting - Pitching for Colorado (EL) Rockies : RHP Javier Leon
Pitching: RHP Adrian de la Cerda
Batting: RHB Sadataka Kuwahara 0-0: Ball
1-0: Fly out, F8 (Line Drive, 89M, EV 95.0 MPH)
Batting: LHB Juan Gonzalez 0-0: Foul Ball, location: 2F
0-1: Ball
1-1: Foul Ball, location: 2F
1-2: Ball
2-2: Ground out 5-3 (Groundball, 56, EV 88.8 MPH)
Batting: RHB Dinand Brouwer 0-0: Ball
1-0: Ball
2-0: Foul Ball, location: 2F
2-1: Fly out, F8 (Line Drive, 8LM, EV 91.2 MPH)
Top of the 8th over - 0 runs, 0 hits, 0 errors, 0 left on base; San Jose 5 - Colorado (EL) 5
BOTTOM OF THE 8TH
Colorado (EL) Rockies batting - Pitching for San Jose Giants : RHP Micah Teller
Pitching: RHP Lorenzo de Jesus
Batting: RHB Ernest Olkowicz 0-0: Ball
1-0: Ball
2-0: Ball
3-0: Called Strike
3-1: Called Strike
3-2: SINGLE (Line Drive, 6MD, EV 106.9 MPH)
Batting: RHB Andy Solorzano 0-0: Called Strike
0-1: Called Strike
0-2: Strikes out swinging
Batting: LHB Ryan Rodgers 0-0: Swinging Strike
0-1: Ball
1-1: Foul Ball, location: 2F
1-2: Fly out, F9 (Line Drive, 9LM, EV 90.0 MPH)
Batting: RHB Max Schellekens 0-0: Ball
1-0: Fly out, F9 (Flyball, 9S, EV 71.2 MPH)
Bottom of the 8th over - 0 runs, 1 hit, 0 errors, 1 left on base; San Jose 5 - Colorado (EL) 5
TOP OF THE 9TH
San Jose Giants batting - Pitching for Colorado (EL) Rockies : RHP Adrian de la Cerda
Batting: LHB Pong-keun Koh 0-0: Ball
1-0: SINGLE (Groundball, 6MD, EV 102.5 MPH)
Pinch Hitting: LHB Tony Galvan 0-0: SINGLE (Groundball, 34D, EV 108.1 MPH)
Pong-keun Koh to second
Runner from 2nd tries for 3rd, SAFE, no throw by RF
Pinch Runner at 3rd Yutaka Oki:
Batting: RHB Miguel Gonzalez 0-0: Ball
1-0: Called Strike
1-1: Swinging Strike
1-2: Strikes out looking
Batting: RHB Chris King 0-0: Called Strike
0-1: Called Strike
0-2: Ball
1-2: Strikes out looking
Pitching: LHP Andy Silveira
Batting: RHB Drew Duncan 0-0: Ball
1-0: Swinging Strike
1-1: Swinging Strike
1-2: Foul Ball, location: 2F
1-2: Strikes out looking
Top of the 9th over - 0 runs, 2 hits, 0 errors, 2 left on base; San Jose 5 - Colorado (EL) 5
BOTTOM OF THE 9TH
Colorado (EL) Rockies batting - Pitching for San Jose Giants : RHP Lorenzo de Jesus
Pitching: RHP Lorenzo Merjil
Now at C: Tony Galvan
Now in CF: Yutaka Oki
Batting: RHB Matt Fabre 0-0: Ball
1-0: Foul Ball, location: 2F
1-1: TRIPLE (Line Drive, 89XD, EV 102.5 MPH)
Batting: RHB Nick Rang 0-0: Called Strike
0-1: Swinging Strike
0-2: Strikes out swinging
Batting: LHB Steve Gilliam 0-0: Intentional Walk
Batting: LHB Eric Ludwig 0-0: Called Strike
Steve Gilliam steals 2nd base (no throw)
0-1: SINGLE (Groundball, 34D, EV 100.6 MPH)
Matt Fabre scores
Bottom of the 9th over - 1 run, 2 hits, 0 errors, 2 left on base; San Jose 5 - Colorado (EL) 6
Tuesday, September 13th , 2022 - OOTP Baseball 23.7 Build 88